 Dungeon Crawl Stone Soup version 0.30-a0-422-g946f4849ff (webtiles) character file.

Game seed: 12334527183946708718

465 lunkers the Carver (level 7, -8/55 HPs)
             Began as a Meteoran Gladiator on Dec 8, 2022.
             Mangled by Menkaure (18 damage)
             ... on level 5 of the Dungeon.
             The game lasted 00:07:13 (1881 turns).

lunkers the Carver (Meteoran Gladiator)             Turns: 1881, Time: 00:07:13

Health: -8/55      AC: 11    Str: 18    XL:     7   Next: 55%
Magic:  8/8        EV: 12    Int:  6    God:
Gold:   320        SH:  0    Dex: 16    Spells: 6/6 levels left

rFire   . . .      SeeInvis .    a - +0 long sword
rCold   . . .      Faith    .    (no shield)
rNeg    . . .      Spirit   .    j - +0 ring mail
rPois   .          Reflect  .    c - +0 helmet
rElec   .          Harm     .    (no cloak)
rCorr   .          Rampage  .    z - +0 pair of gloves
Will    ++...      Rage     50%  (no boots)
Stlth   +.........               y - necklace of Bloodlust {*Rage Will++ Int-3 Slay+6}
HPRegen 0.29/turn                f - ring of flight
MPRegen 0.11/turn                h - +4 ring of protection

@: on berserk cooldown, flying, slowed, glowing, very slow
A: sense surroundings 1, otherworldly, glowing, explore regen
a: no special abilities


You were on level 5 of the Dungeon.
You visited 1 branch of the dungeon, and saw 5 of its levels.
You also visited: Sewer.

You collected 320 gold pieces.

Inventory:

Hand Weapons
 a - a +0 long sword (weapon)
Missiles
 d - 3 throwing nets
 e - a javelin
Armour
 b - a +0 leather armour
 c - a +0 helmet (worn)
 j - a +0 ring mail (worn)
 z - a +0 pair of gloves (worn)
Jewellery
 f - a ring of flight (left hand)
 h - a +4 ring of protection (right hand)
 o - an amulet of regeneration
 y - the necklace of Bloodlust (around neck) {*Rage Will++ Int-3 Slay+6}
   (You found it on level 3 of the Dungeon)

   [amulet of nothing]

   It extends the wearer's berserk rage when killing foes.
   Int:       It affects your intelligence (-3).
   Slay:      It affects your accuracy & damage with ranged weapons and melee
   (+6).
   *Rage:     It berserks you when you make melee attacks (+50% chance).
   Will:      It greatly increases your willpower.
Wands
 F - a wand of paralysis (8)
Scrolls
 i - 3 scrolls of summoning {unknown}
 l - 3 scrolls of vulnerability {unknown}
 m - 2 scrolls of enchant armour {unknown}
 q - 2 scrolls of teleportation {unknown}
 v - a scroll of amnesia {unknown}
 w - 5 scrolls of identify {unknown}
 x - a scroll of poison {unknown}
 A - a scroll of silence {unknown}
 B - a scroll of enchant weapon {unknown}
 C - 2 scrolls of torment {unknown}
 D - 2 scrolls of magic mapping {unknown}
 E - a scroll of fear {unknown}
Potions
 g - 2 potions of lignification {unknown}
 k - 2 potions of curing {unknown}
 n - 2 potions of invisibility {unknown}
 p - a potion of heal wounds {unknown}
 r - a potion of brilliance {unknown}
 s - 2 potions of mutation {unknown}
 t - a potion of attraction {unknown}
 u - a potion of haste {unknown}


   Skills:
 - Level 2.1 Fighting
 + Level 9.3 Long Blades
 - Level 2.4 Throwing
 - Level 3.6 Dodging


You had 6 spell levels left.
You didn't know any spells.
Your spell library contained the following spells:

 Spells                   Type           Power      Damage    Failure   Level
 Static Discharge         Conj/Air       0%         2-2/arc   80%         2
 Vhi's Electric Charge    Tloc/Air       0%         N/A       95%         3
 Arcjolt                  Conj/Air       0%         1d10      100%        5
 Lightning Bolt           Conj/Air       0%         1d11      100%        5


Dungeon Overview and Level Annotations

Branches:
Dungeon (5/15) Zot: 1172    Sewer (visited)
 Temple: D:4-7

Altars:
Fedhas
Kikubaaqudgha
Sif Muna

Portals:
Ossuary: D:5

Annotations:
D:5 Menkaure


Innate Abilities, Weirdness & Mutations

You passively map a small area around you.
You are easily found by Zot.
You glow in the dark.
You regain HP and MP as you explore.


Message History

The hound is heavily wounded.
The hound barely misses you. The hound bites you.
* * * LOW HITPOINT WARNING * * *
The goblin zombie completely misses you.
You slash the goblin zombie!
You destroy the goblin zombie!
The hound barely misses you. The hound bites you.
* * * LOW HITPOINT WARNING * * *
Menkaure mumbles a few words.
Menkaure barely misses you.
You hit Menkaure.
Menkaure is lightly damaged.
The hound bites you but does no damage. The hound bites you.
* * * LOW HITPOINT WARNING * * *
Menkaure hits you but does no damage. The mummy hits you.
* * * LOW HITPOINT WARNING * * *
The hound bites you.
* * * LOW HITPOINT WARNING * * *
Menkaure hits you.
* * * LOW HITPOINT WARNING * * *
You slash Menkaure!
Menkaure is heavily damaged.
The hound barely misses you. The mummy closely misses you.
Menkaure hits you but does no damage. The hound barely misses you.
You barely miss Menkaure.
Menkaure is heavily damaged.
Menkaure closely misses you. The hound barely misses you.
The mummy barely misses you. The hound bites you.
* * * LOW HITPOINT WARNING * * *
Menkaure closely misses you.
You closely miss Menkaure.
Menkaure is heavily damaged.
The hound barely misses you. Menkaure hits you but does no damage.
The mummy hits you.
* * * LOW HITPOINT WARNING * * *
The hound bites you but does no damage.
You completely miss Menkaure.
Menkaure is heavily damaged.
Menkaure hits you!!
You die...

#######.###..).#*
, , #.# #..#..#,*
* * #.# #..# ...#
#.# #..###..##
*#.# #..'.#*..#
..# #..###.#..
.## #..# ..#*.
#.M#...### * * *
,* #.@Mh..'∩# ,
*#...h#...###,
,#.....##..# ,
........# #.# , ,
,........' #..
##......# ... ,
##....$# ## * ,
##....#, **


You could see a black bear, Menkaure (fast), a mummy and a hound.

Vanquished Creatures
  A black bear (D:5)
  A phantom (D:4)
  An iguana (D:4)
  An orc wizard (D:5)
  8 adders
  2 gnolls
  5 river rats (Sewer)
  A worm (D:3)
  2 dart slugs
  8 orcs
  9 ball pythons
  6 endoplasms
  9 giant cockroaches
  3 goblins
  10 hobgoblins
  9 jackals
  6 kobolds
  8 quokkas
  8 bats
  3 frilled lizards
  2 goblin zombies (D:5)
  3 rats
  A toadstool (D:2)
107 creatures vanquished.

Vanquished Creatures (others)
  A fungus (D:2)
  5 toadstools (D:2)
6 creatures vanquished.

Grand Total: 113 creatures vanquished

Notes
Turn   | Place    | Note
-------+----------+-------------------------------------------
     0 | D:1      | lunkers the Meteoran Gladiator began the quest for the Orb.
     0 | D:1      | Reached XP level 1. HP: 17/17 MP: 2/2
    20 | D:1      | Reached skill level 4 in Long Blades
    20 | D:1      | Reached XP level 2. HP: 7/24 MP: 3/3
    65 | D:1      | Reached XP level 3. HP: 17/29 MP: 4/4
   144 | D:1      | Found a faded altar of an unknown god.
   271 | D:2      | Reached skill level 5 in Long Blades
   448 | D:2      | Reached XP level 4. HP: 24/36 MP: 5/5
   577 | D:3      | Found the necklace of Bloodlust {*Rage Will++ Int-3 Slay+6}
   717 | D:3      | Reached skill level 6 in Long Blades
   729 | D:3      | Reached XP level 5. HP: 41/41 MP: 6/6
  1084 | D:4      | Reached skill level 7 in Long Blades
  1210 | D:4      | Found a blossoming altar of Fedhas.
  1254 | D:4      | Found a shimmering blue altar of Sif Muna.
  1254 | D:4      | Found an ancient bone altar of Kikubaaqudgha.
  1266 | D:4      | Noticed a phantom
  1270 | D:4      | Killed a phantom
  1271 | D:4      | Reached XP level 6. HP: 48/48 MP: 7/7
  1409 | D:4      | Reached skill level 8 in Long Blades
  1448 | D:5      | Entered Level 5 of the Dungeon
  1472 | D:5      | Noticed a black bear
  1477 | D:5      | Killed a black bear
  1478 | D:5      | Reached XP level 7. HP: 29/55 MP: 8/8
  1530 | D:5      | Found a glowing drain.
  1548 | Sewer    | Entered a sewer
  1554 | Sewer    | Reached skill level 9 in Long Blades
  1868 | D:5      | Found a sand-covered staircase.
  1871 | D:5      | Noticed Menkaure
  1881 | D:5      | Mangled by Menkaure

Illustrated notes

Levels and vault maps discovered:
D:1:      dpeg_arrival_simpleton_b, layout_rooms,
          dreamdust_ecumenical_altar_sealed_demon
D:2:      minmay_spotlight, layout_rooms, minmay_gold_behind_fungi,
          nicolae_figureground_sparkle
D:3:      layout_basic, nicolae_ru_the_path_less_chosen, serial_glass,
          glass_columns_a, glass_columns_a, minmay_close_crescents
D:4:      layout_loops_ring, fedhas_altar_2,
          chequers_temple_overflow_statue_of_worship, temple_doors_e,
          chequers_serial_rivers_large_b, lightli_minifort
D:5:      layout_loops_ring, grunt_qazlal_clouds, gup_sewer_entry_pipe,
          nicolae_ossuary_entry_giza, uniq_menkaure

Skill      XL: |  1  2  3  4  5  6  7 |
---------------+----------------------+-----
Long Blades    | 4 5 6 7 8 9 |  9.3
Fighting       | |  2.1
Throwing       | |  2.4
Dodging        | |  3.6

Action                   |  1- 3 |  4- 6 |  7- 9 || total
-------------------------+-------+-------+-------++-------
Melee: Long sword        |    76 |   109 |   101 ||   286
       Punch             |       |       |     3 ||     3
Armor: Leather armour    |    13 |       |       ||    13
       Ring mail         |    28 |    59 |    78 ||   165
Dodge: Dodged            |    47 |    70 |    73 ||   190

Table legend: (Time is in decaauts)
 A = Elapsed time spent in this place.
 B = Non-inter-level travel time spent in this place.
 C = Inter-level travel time spent in this place.
 D = Time resting spent in this place.
 E = Time spent auto-exploring this place.
 F = Levels seen in this place.
 G = Mean time per level.
                   A        B        C        D        E       F      G
               +--------+--------+--------+--------+--------+-----+--------+
         Total |   2069 |   1989 |     80 |     62 |   1066 |   6 |  344.8 |
       Dungeon |   1826 |   1746 |     80 |     60 |   1040 |   5 |  365.2 |
         Sewer |    242 |    242 |      0 |      2 |     26 |   1 |  242.0 |
               +--------+--------+--------+--------+--------+-----+--------+

Top non-repeatable levels by time:
     D:3: 552 daAuts
     D:4: 429 daAuts
     D:2: 312 daAuts
     D:1: 273 daAuts
     D:5: 259 daAuts
   Sewer: 242 daAuts
